 Dungeon Crawl Stone Soup version 0.28.0-45-g0d030f2227 (webtiles) character file.

Game seed: 2977797165293089812

143780 Peloso the Hoplite (level 16, -10/149 HPs)
             Began as a Minotaur Fighter on Apr 24, 2022.
             Was the Champion of Okawaru.
             Killed from afar by a deep elf zephyrmancer (35 damage)
             ... with a bolt of lightning
             ... on level 1 of the Elven Halls.
             The game lasted 01:43:38 (41037 turns).

Peloso the Hoplite (Minotaur Fighter)              Turns: 41037, Time: 01:43:39

Health: -10/149    AC: 22    Str: 24    XL:     16   Next: 83%
Magic:  16/16      EV: 15    Int: 19    God:    Okawaru [******]
Gold:   1780       SH: 29    Dex: 28    Spells: 15/15 levels left

rFire   . . .      SeeInvis .   b - +12 falchion "Xihiu" {vorpal, rPois rF- rCorr Int+8}
rCold   + + .      Faith    .   n - +2 tower shield {rC+}
rNeg    . . .      Spirit   .   r - +5 chain mail "Iwuecw" {rC+ Will+ rCorr}
rPois   +          Reflect  .   (helmet restricted)
rElec   .          Harm     .   Q - +0 cloak {rF+}
rCorr   +          Rampage  .   H - +0 pair of gloves
Will    +++++                   (no boots)
Stlth   ..........              D - amulet of regeneration
HPRegen 1.14/turn               u - ring "Jufonn" {Will+++ Str-5 Int+6 Dex+8 Stlth-}
MPRegen 0.15/turn               i - ring of Olabluh {Str+4 Dex+6}

@: about to teleport
A: horns 2, retaliatory headbutt, screaming 1
a: Renounce Religion, Heroism, Finesse, Duel


You were on level 1 of the Elven Halls.
You worshipped Okawaru.
Okawaru was exalted by your worship.
You visited 5 branches of the dungeon, and saw 25 of its levels.
You also visited: Bailey, Gauntlet, Ice Cave and Volcano.

You collected 3023 gold pieces.
You spent 1243 gold pieces at shops.

Inventory:

Hand Weapons
 a - a +4 double sword of freezing
 b - the +12 falchion "Xihiu" (weapon) {vorpal, rPois rF- rCorr Int+8}
   (You found it on level 15 of the Dungeon)

   It inflicts extra damage upon your enemies.
   Int:       It affects your intelligence (+8).
   rF:        It makes you vulnerable to fire.
   rPois:     It protects you from poison.
   rCorr:     It protects you from acid and corrosion.
 c - a +3 scimitar of flaming
 p - a +0 hand crossbow of freezing
Armour
 n - a +2 tower shield of cold resistance (worn)
 r - the +5 chain mail "Iwuecw" (worn) {rC+ Will+ rCorr}
   (Okawaru gifted it to you in an ice cave)

   rC:        It protects you from cold.
   rCorr:     It protects you from acid and corrosion.
   Will:      It increases your willpower.
 B - +0 storm dragon scales
 H - a +0 pair of gloves (worn)
 Q - a +0 cloak of fire resistance (worn)
Jewellery
 i - the ring of Olabluh (right hand) {Str+4 Dex+6}
   (You found it on level 15 of the Dungeon)

   [ring of dexterity]

   Str:       It affects your strength (+4).
   Dex:       It affects your dexterity (+6).
 o - a ring of fire
 u - the ring "Jufonn" (left hand) {Will+++ Str-5 Int+6 Dex+8 Stlth-}
   (You found it on level 15 of the Dungeon)

   [ring of intelligence]

   Str:       It affects your strength (-5).
   Int:       It affects your intelligence (+6).
   Dex:       It affects your dexterity (+8).
   Will:      It greatly increases your willpower.
   Stlth:     It makes you less stealthy.
 v - a ring of the Octopus King {AC+1 EV+1 Str+1 Int+1 Dex+1 SInv}
   (You found it in an ice cave)

   [ring of see invisible]

   AC:        It affects your AC (+1).
   EV:        It affects your evasion (+1).
   Str:       It affects your strength (+1).
   Int:       It affects your intelligence (+1).
   Dex:       It affects your dexterity (+1).
   SInv:      It lets you see invisible.
 A - the ring "Byqozytu" {Str+7 SInv}
   (You found it in a Gauntlet)

   [ring of see invisible]

   Str:       It affects your strength (+7).
   SInv:      It lets you see invisible.
 D - an amulet of regeneration (around neck)
 R - a ring of flight
 X - a ring of protection from cold
Wands
 m - a wand of polymorph (7)
Scrolls
 d - 2 scrolls of holy word
 e - 14 scrolls of teleportation
 h - 7 scrolls of identify
 j - 3 scrolls of magic mapping
 l - a scroll of enchant armour
 s - a scroll of enchant weapon
 t - a scroll of silence
 y - 4 scrolls of noise
 F - 5 scrolls of blinking
 J - 2 scrolls of acquirement
 K - 5 scrolls of fear
 O - 12 scrolls of immolation
Potions
 f - a potion of flight
 g - 3 potions of curing
 k - 4 potions of heal wounds
 q - 2 potions of resistance
 w - a potion of mutation
 z - 6 potions of haste
 L - a potion of berserk rage
 M - 4 potions of might


   Skills:
 + Level 15.6 Fighting
 + Level 2.3(11.3) Short Blades
 + Level 18.3(18.4) Long Blades
 + Level 4.2 Polearms
 + Level 15.7 Armour
 + Level 7.9 Dodging
 + Level 3.0 Stealth
 + Level 22.8 Shields
 + Level 2.3 Invocations
 + Level 1.1 Evocations


You had 15 spell levels left.
You didn't know any spells.
Your spell library contained the following spells:

 Spells                   Type           Power      Damage    Failure   Level
 Magic Dart               Conj           0%         1d3       78%         1
 Sandblast                Erth           0%         2d4       78%         1
 Corpse Rot               Necr/Air       0%         N/A       89%         2
 Passwall                 Tmut/Erth      0%         N/A       89%         2
 Static Discharge         Conj/Air       0%         N/A       89%         2
 Gell's Gravitas          Tloc           0%         N/A       98%         3
 Ignite Poison            Fire/Tmut/Pois 0%         N/A       98%         3
 Mephitic Cloud           Conj/Pois/Air  0%         N/A       98%         3
 Ozocubu's Armour         Ice            0%         N/A       98%         3
 Portal Projectile        Hex/Tloc       0%         N/A       98%         3
 Stone Arrow              Conj/Erth      0%         3d7       98%         3
 Teleport Other           Tloc           0%         N/A       98%         3
 Dispel Undead            Necr           0%         3d6       100%        4
 Leda's Liquefaction      Hex/Erth       0%         N/A       100%        4
 Blade Hands              Tmut           0%         N/A       100%        5
 Excruciating Wounds      Necr           0%         N/A       100%        5
 Freezing Cloud           Conj/Ice/Air   0%         6-21      100%        5
 Conjure Ball Lightning   Conj/Air       0%         3x3d6     100%        6
 Dispersal                Tloc           0%         N/A       100%        6
 Ozocubu's Refrigeration  Ice            0%         4d5       100%        7
 Discord                  Hex            0%         N/A       100%        8
 Disjunction              Tloc           0%         N/A       100%        8
 Call Imp                 Summ           Unusable   N/A       N/A         2
 Call Canine Familiar     Summ           Unusable   N/A       N/A         3
 Summon Forest            Summ/Tloc      Unusable   N/A       N/A         5
 Death Channel            Necr           Unusable   N/A       N/A         6

Dungeon Overview and Level Annotations

Branches:
Dungeon (15/15)            Temple (1/1) D:5            Lair (6/6) D:8
 Shoals (0/4) Lair:4       Spider (0/4) Lair:4        Slime (0/5) Lair:6
    Orc (2/2) D:12            Elf (1/3) Orc:2        Vaults (0/5) D:14
 Depths (0/4) D:15         Bailey (visited)           IceCv (visited)
Volcano (visited)         Gauntlet (visited)

Altars:
Ashenzari
Cheibriados
Dithmenos
Elyvilon
Fedhas
Gozag
Hepliaklqana
Kikubaaqudgha
Makhleb
Nemelex Xobeh
Okawaru
Qazlal
Ru
Sif Muna
Trog
Uskayaw
Vehumet
Wu Jian
Xom
Yredelemnul
Zin
The Shining One
Beogh

Shops:
D:1 (   D:9 **   Orc:2 :*?[   Elf:1 *?

Annotations:
D:4 2 transporters, Menkaure
D:9 3 runed translucent doors, Sheol's ghost, novice MiFi
Elf:1 3 runed translucent doors, Okum's ghost, journeyman DsAK


Innate Abilities, Weirdness & Mutations

You have a pair of horns on your head.
You reflexively headbutt those who attack you in melee.
You occasionally shout uncontrollably at your foes.


Message History

You hear a shout! x3
There is an open door here.
You hit the deep elf zephyrmancer.
Your headbutt misses the deep elf zephyrmancer.
The deep elf zephyrmancer is lightly wounded.
Unknown command.
You slice the deep elf zephyrmancer!!
You kill the deep elf zephyrmancer!
Okawaru accepts your kill.
A deep elf pyromancer opens the door.
A deep elf zephyrmancer comes into view.
It is wielding a +0 dagger.
You yell at the deep elf zephyrmancer!
Unknown command.
Things that are here:
a +0 dagger; a +0 ring mail A deep elf annihilator comes into view.
It is wielding a +0 long sword.
The deep elf pyromancer casts a spell at you.
The bolt of fire misses you.
A deep elf zephyrmancer comes into view.
It is wielding a +2 long sword of holy wrath.
The deep elf high priest whispers, "Deep inside, it's sometimes so empty."
The deep elf high priest prays to its god.
The deep elf high priest begins emitting a brilliant aura!
The deep elf zephyrmancer is empowered by the deep elf high priest's aura!
The deep elf pyromancer is empowered by the deep elf high priest's aura!
The deep elf zephyrmancer shouts!
As you read the scroll of teleportation, it crumbles to dust.
You feel strangely unstable.
The deep elf annihilator points at you and mumbles some strange words.
The iron shot hits you!!
The deep elf zephyrmancer casts a spell.
The deep elf zephyrmancer blinks!
Unknown command.
The deep elf annihilator casts a spell.
The deep elf annihilator blinks!
The deep elf pyromancer casts a spell at you.
The bolt of fire hits you!!
* * * LOW HITPOINT WARNING * * *
The deep elf zephyrmancer gestures at you while chanting.
The bolt of lightning hits you!!
You die...

.####.........###
#.)##......# ##
##.......##
###'#...##..# #
##..)..##
#..........## ##...##
#)..).#..### ##'##
###e.#.....#
#########.#
#.....e.[..#
#.......#.#
#.##...#'###
..#####.#.####
#...ee##..# #.#
#........# #@##.##
...# #.###.#......#
#....# ..
......#....#.###.##.#
#.###.#.#.##.##.....#
#................##.#
#.###.....##.###....#
..# #....[...# ######
### #####.#### ###
#.# ###


You could see a deep elf annihilator (empowered), a deep elf pyromancer
(empowered) and a deep elf zephyrmancer (empowered).

Vanquished Creatures
  2 frost giants
  4 orc warlords
  A stone giant (D:15)
  A deep elf demonologist (Elf:1)
  A minotaur (Gauntlet)
  Azrael (D:15)
  A green death (Gauntlet)
  A fire dragon (D:15)
  Josephine (D:14)
  14 hydras
  An ice dragon (D:14)
  4 vault guards (D:15)
  An ogre mage (D:15)
  2 boulder beetles
  2 catoblepae
  7 centaur warriors
  An anaconda (shapeshifter) (Elf:1)
  A tengu warrior (D:14)
  6 two-headed ogres
  4 dancing weapons (Elf:1)
  5 death yaks (IceCv)
  A hell hog (Volcano)
  A deep troll earth mage (D:15)
  7 deep elf knights (Elf:1)
  A deep troll shaman (D:15)
  5 orc high priests
  Urug (Lair:1)
  4 skeletal warriors (D:15)
  2 wizards (D:15)
  5 deep elf archers (Elf:1)
  8 orc knights
  A glowing orange brain (D:15)
  A phantasmal warrior (D:14)
  2 necromancers
  11 deep elf pyromancers
  12 deep elf zephyrmancers
  9 cyclopes (D:15)
  10 ugly things
  4 orc sorcerers
  A harpy (shapeshifter) (D:14)
  11 elephants (Lair:6)
  2 wolf spiders (Lair:6)
  2 manticores
  A worldbinder (Gauntlet)
  2 merfolk sirens (Lair:4)
  2 salamanders (Volcano)
  An orange demon (Gauntlet)
  5 black mambas
  3 guardian serpents
  A torpor snail (Lair:3)
  4 gargoyles
  An ice statue (IceCv)
  2 centaur skeletons (D:15)
  8 cane toads
  2 minotaur zombies (Gauntlet)
  A kobold demonologist (D:12)
  2 unseen horrors
  3 efreet
  3 rime drakes
  3 komodo dragons
  2 freezing wraiths (D:15)
  5 yaktaurs (D:15)
  A tengu conjurer (D:15)
  A yaktaur (shapeshifter) (Elf:1)
  4 trolls
  A meliai (D:15)
  4 hornets
  7 polar bears
  A harpy skeleton (D:15)
  18 blink frogs
  4 slime creatures
  A dream sheep (shapeshifter) (Elf:1)
  15 dream sheep
  A meliai zombie (D:11)
  7 wraiths
  A centaur simulacrum (D:15)
  2 air elementals (Elf:1)
  A vampire (D:14)
  2 spriggans (shapeshifter)
  A water elemental (Elf:1)
  5 fire elementals
  70 yaks
  13 wyverns
  A fire bat (Volcano)
  4 basilisks
  6 redbacks (Lair:6)
  A redback simulacrum (D:15)
  3 steam dragons
  8 vampire mosquitoes
  5 wargs
  3 acid dragons
  20 water moccasins
  2 floating eyes (D:15)
  4 hell hounds
  A swamp drake (D:12)
  52 orc warriors
  3 necrophages
  3 ice beasts
  2 black bears
  17 wolves (IceCv)
  6 boggarts
  11 ogres
  2 phantoms (D:6)
  16 centaurs
  3 kobold brigands
  An earth elemental (Elf:1)
  8 bullfrogs
  A scorpion (D:5)
  12 killer bees
  3 wights (D:10)
  2 howler monkeys
  8 centaur zombies
  3 jellies
  2 hounds (D:5)
  3 bullfrog skeletons
  28 orc priests
  A gnoll shaman (D:8)
  An iguana (D:6)
  28 orc wizards
  4 hell rats (Lair:5)
  A killer bee zombie (D:9)
  A hound zombie (D:5)
  A hound skeleton (D:4)
  11 gnolls
  3 adders
  A howler monkey skeleton (D:7)
  A shadow imp (D:5)
  A white imp (D:5)
  4 worms
  2 dart slugs
  136 orcs
  6 endoplasms
  5 giant cockroaches
  8 goblins
  8 hobgoblins
  3 jackals (D:1)
  16 kobolds
  2 quokkas
  5 ball pythons
  10 bats
  3 frilled lizards
  7 rats
886 creatures vanquished.

Vanquished Creatures (others)
  3 orc wizards
  19 fungi
  39 plants
61 creatures vanquished.

Grand Total: 947 creatures vanquished

Notes
Turn   | Place    | Note
-------+----------+-------------------------------------------
     0 | D:1      | Peloso the Minotaur Fighter began the quest for the Orb.
     0 | D:1      | Reached XP level 1. HP: 19/19 MP: 0/0
   139 | D:1      | Reached XP level 2. HP: 26/27 MP: 1/1
   211 | D:1      | Found Sibluu's Antique Weapon Boutique.
   248 | D:1      | Reached skill level 4 in Shields
   311 | D:1      | Reached XP level 3. HP: 32/33 MP: 2/2
   597 | D:1      | Found a faded altar of an unknown god.
  1061 | D:2      | Reached XP level 4. HP: 41/41 MP: 3/3
  1657 | D:2      | Found an opulent altar of Gozag.
  2451 | D:3      | Reached XP level 5. HP: 45/47 MP: 4/4
  2905 | D:4      | Found an ancient bone altar of Kikubaaqudgha.
  2905 | D:4      | Found a basalt altar of Yredelemnul.
  2906 | D:4      | Noticed a phantom
  2906 | D:4      | Noticed Menkaure
  2909 | D:4      | Found a transporter.
  2922 | D:4      | Found a transporter.
  3038 | D:5      | Entered Level 5 of the Dungeon
  3239 | D:4      | Reached skill level 1 in Dodging
  3336 | D:4      | Noticed an ogre
  3341 | D:4      | Killed an ogre
  3342 | D:4      | Reached skill level 5 in Armour
  3342 | D:4      | Reached XP level 6. HP: 48/53 MP: 5/5
  3465 | D:4      | Reached skill level 5 in Long Blades
  3869 | D:4      | Reached skill level 5 in Fighting
  3995 | D:4      | Found an opulent altar of Gozag.
  4366 | D:5      | Found a staircase to the Ecumenical Temple.
  4373 | Temple   | Entered the Ecumenical Temple
  4502 | D:5      | Reached XP level 7. HP: 51/61 MP: 6/6
  4672 | D:5      | Reached skill level 1 in Stealth
  4934 | D:5      | Reached skill level 5 in Shields
  5478 | D:5      | Reached XP level 8. HP: 30/70 MP: 3/7
  7177 | D:7      | Noticed a hornet
  7187 | D:7      | Killed a hornet
  7264 | D:7      | Reached XP level 9. HP: 63/78 MP: 5/8
  7398 | D:7      | Found a bloodstained altar of Trog.
  8110 | D:8      | Found a staircase to the Lair.
  8133 | D:8      | Reached skill level 6 in Shields
  8174 | D:8      | Found a flagged portal.
  8196 | Bailey   | Entered a bailey
  9254 | Bailey   | Reached skill level 7 in Shields
  9361 | Bailey   | Reached skill level 1 in Polearms
 13006 | Bailey   | Reached skill level 10 in Armour
 13193 | Bailey   | Glimpsed the power of Zot.
 13227 | Bailey   | Reached XP level 10. HP: 82/86 MP: 9/9
 13659 | D:8      | Reached skill level 8 in Shields
 13684 | D:8      | Reached skill level 9 in Shields
 13907 | D:8      | Reached skill level 10 in Shields
 14068 | D:8      | Found an iron altar of Okawaru.
 14081 | D:8      | Became a worshipper of Warmaster Okawaru
 14084 | D:8      | Found a blossoming altar of Fedhas.
 14084 | D:8      | Found a shimmering altar of Xom.
 14084 | D:8      | Found a white marble altar of Elyvilon.
 14089 | D:8      | Found a radiant altar of Vehumet.
 14463 | D:8      | Reached skill level 10 in Long Blades
 14823 | D:9      | Reached skill level 11 in Shields
 14830 | D:9      | Reached * piety under Okawaru
 14852 | D:9      | Reached skill level 12 in Shields
 15113 | D:9      | Found a runed translucent gate.
 15114 | D:9      | Found a runed translucent gate.
 15166 | D:9      | Found the ring of the Mage {Wiz Archmagi}
 15183 | D:9      | Reached ** piety under Okawaru
 15191 | D:9      | Reached skill level 13 in Shields
 15281 | D:9      | Found a runed translucent gate.
 15281 | D:9      | Noticed Sheol's ghost (novice MiFi)
 15492 | D:9      | Noticed a catoblepas
 15520 | D:9      | HP: 3/88 [catoblepas (18)]
 15983 | D:10     | Entered Level 10 of the Dungeon
 16017 | D:10     | Noticed a manticore
 16040 | D:10     | Killed a manticore
 16159 | D:10     | Reached XP level 11. HP: 58/94 MP: 6/10
 16292 | D:10     | Noticed a two-headed ogre
 16350 | D:10     | Noticed a two-headed ogre
 16358 | D:10     | Killed a two-headed ogre
 16384 | D:10     | Killed a two-headed ogre
 16384 | D:10     | Reached *** piety under Okawaru
 16671 | D:10     | Found a stormy altar of Qazlal.
 16701 | D:10     | Noticed a two-headed ogre
 16714 | D:10     | Killed a two-headed ogre
 16715 | D:10     | Reached skill level 14 in Shields
 17275 | D:11     | Noticed a five-headed hydra
 17348 | Lair:1   | Entered Level 1 of the Lair of Beasts
 17348 | Lair:1   | Noticed Urug
 17359 | Lair:1   | Killed Urug
 17360 | Lair:1   | Reached skill level 1 in Invocations
 17381 | Lair:1   | Found a frozen archway.
 17398 | IceCv    | Entered an ice cave
 17789 | IceCv    | Reached **** piety under Okawaru
 18015 | IceCv    | Reached skill level 15 in Shields
 18031 | IceCv    | Reached ***** piety under Okawaru
 18782 | IceCv    | Noticed a death yak
 18791 | IceCv    | Noticed a death yak
 18797 | IceCv    | Killed a death yak
 18798 | IceCv    | Reached XP level 12. HP: 105/105 MP: 11/11
 18819 | IceCv    | Killed a death yak
 18820 | IceCv    | Reached skill level 5 in Dodging
 19355 | IceCv    | Noticed a death yak
 19355 | IceCv    | Noticed a frost giant
 19355 | IceCv    | Noticed a death yak
 19355 | IceCv    | Noticed a death yak
 19355 | IceCv    | Found the ring of the Octopus King
 19363 | IceCv    | Killed a death yak
 19371 | IceCv    | Killed a frost giant
 19376 | IceCv    | Killed a death yak
 19380 | IceCv    | Identified the +5 chain mail "Iwuecw" {rC+ Will+ rCorr}
                  | (Okawaru gifted it to you in an ice cave)
 19380 | IceCv    | Received a gift from Okawaru
 19389 | IceCv    | Killed a death yak
 19390 | IceCv    | Reached skill level 10 in Fighting
 19404 | IceCv    | Reached skill level 16 in Shields
 19417 | IceCv    | Identified a ring of the Octopus King {AC+1 EV+1 Str+1
                  | Int+1 Dex+1 SInv}
 19655 | Lair:1   | Identified the +5 dagger of Ogunynoli {elec, rF++ Will-}
 19885 | Lair:1   | Noticed a six-headed hydra
 19898 | Lair:1   | Killed a six-headed hydra
 20557 | Lair:2   | Noticed a six-headed hydra
 20570 | Lair:2   | Killed a six-headed hydra
 20867 | Lair:2   | Reached XP level 13. HP: 110/114 MP: 13/13
 20869 | Lair:2   | Identified the +1 ring mail "Nily" {rPois Str+4} (Okawaru
                  | gifted it to you on level 2 of the Lair of Beasts)
 20869 | Lair:2   | Received a gift from Okawaru
 20870 | Lair:2   | Reached skill level 15 in Long Blades
 21401 | Lair:3   | Reached skill level 17 in Shields
 21611 | Lair:3   | Found a dark tunnel.
 21813 | Volcano  | Entered a volcano
 21879 | Volcano  | HP: 1/116 [two-headed ogre/+0 giant club of flaming (5)]
 21884 | Volcano  | Reached skill level 1 in Short Blades
 23207 | Lair:3   | Identified the +5 chain mail of Paranoia {Regen+} (Okawaru
                  | gifted it to you on level 3 of the Lair of Beasts)
 23207 | Lair:3   | Received a gift from Okawaru
 23486 | Lair:3   | Identified a scroll of acquirement
 23963 | Lair:4   | Found a hole to the Spider Nest.
 23999 | Lair:4   | HP: 4/116 [eight-headed hydra (11)]
 24389 | Lair:3   | Reached skill level 18 in Shields
 24853 | Lair:4   | Found a staircase to the Shoals.
 25307 | Lair:4   | You fall into a shaft and drop 1 floor!
 25921 | D:9      | Found Ejaw's Specific Store.
 25926 | D:9      | Found Kyacecio's General Store.
 25980 | D:9      | Reached XP level 14. HP: 125/125 MP: 14/14
 26895 | D:11     | Identified the +0 chain mail of Melancholy {rF+ Str+3}
 27193 | D:12     | Identified the +6 hand axe of Integrity {antimagic, rF+
                  | Str+3}
 27452 | D:12     | Found a staircase to the Orcish Mines.
 27773 | Orc:1    | Entered Level 1 of the Orcish Mines
 27773 | Orc:1    | Noticed an orc warlord
 27820 | D:12     | Killed an orc warlord
 27820 | D:12     | Received a gift from Okawaru
 28377 | Orc:1    | Found a bloodstained altar of Trog.
 28470 | Orc:2    | Entered Level 2 of the Orcish Mines
 28640 | Orc:2    | Received a gift from Okawaru
 28652 | Orc:2    | Found a staircase to the Elven Halls.
 29100 | Orc:2    | Reached skill level 19 in Shields
 29537 | Orc:2    | Noticed an orc warlord
 29584 | Orc:2    | Killed an orc warlord
 30423 | Orc:2    | Found Lirghir's Book Shoppe.
 30423 | Orc:2    | Found Zapt's General Store.
 30425 | Orc:2    | Found Gaenk's Magic Scroll Shoppe.
 30425 | Orc:2    | Found Cuboil Meuq's Antique Armour Boutique.
 30555 | Orc:1    | Noticed an orc warlord
 30754 | Orc:1    | Killed an orc warlord
 31847 | D:13     | Reached skill level 1 in Evocations
 32021 | D:13     | Received a gift from Okawaru
 32419 | D:14     | Noticed Josephine
 32425 | D:14     | Killed Josephine
 32596 | D:14     | Reached skill level 20 in Shields
 32599 | D:14     | Reached XP level 15. HP: 133/134 MP: 15/15
 33618 | D:14     | Found a gate to the Vaults.
 33657 | D:15     | Entered Level 15 of the Dungeon
 33791 | D:15     | Found a transporter.
 33811 | D:15     | Identified the ring of Olabluh {Str+4 Dex+6}
 33882 | D:15     | Paralysed by a floating eye for 4 turns
 33897 | D:15     | Reached ****** piety under Okawaru
 34228 | D:15     | Identified the ring "Gayniy" {Fly rC- rCorr Stlth+}
 34244 | D:15     | Received a gift from Okawaru
 34451 | D:15     | Paralysed by a floating eye for 3 turns
 34477 | D:15     | Noticed a frost giant
 34488 | D:15     | Killed a frost giant
 34495 | D:15     | Identified the +8 whip "Jusaepn" {flame, *Rage rF- rN+++
                  | MP+9}
 34543 | D:15     | Found a transporter.
 35117 | D:15     | Reached skill level 15 in Armour
 35121 | D:15     | Identified the ring "Jufonn" {Will+++ Str-5 Int+6 Dex+8
                  | Stlth-}
 35397 | D:15     | Found a staircase to the Depths.
 35715 | D:15     | Noticed an orc warlord
 35727 | D:15     | Killed an orc warlord
 35847 | D:15     | Found a snail-covered altar of Cheibriados.
 35893 | D:15     | Identified the +0 ring mail "Voukh" {rN+ Dex+7} (Okawaru
                  | gifted it to you on level 15 of the Dungeon)
 35893 | D:15     | Received a gift from Okawaru
 35894 | D:15     | Reached skill level 21 in Shields
 36028 | D:15     | Noticed Azrael
 36048 | D:15     | Killed Azrael
 36215 | D:15     | Found a basalt altar of Yredelemnul.
 36224 | D:15     | Identified the +12 falchion "Xihiu" {vorpal, rPois rF-
                  | rCorr Int+8}
 36382 | D:15     | Found a bloodstained altar of Trog.
 37062 | Lair:5   | Reached XP level 16. HP: 133/147 MP: 16/16
 37566 | Lair:6   | Entered Level 6 of the Lair of Beasts
 37610 | Lair:6   | Found a gate leading to a gauntlet.
 37619 | Gauntlet | Entered a Gauntlet
 37619 | Gauntlet | Found a transporter.
 37619 | Gauntlet | Found a transporter.
 37621 | Gauntlet | Found a transporter.
 37624 | Gauntlet | Found a transporter.
 37625 | Gauntlet | Found a transporter.
 37625 | Gauntlet | Found a transporter.
 37664 | Gauntlet | Found a transporter.
 37664 | Gauntlet | Found a transporter.
 37669 | Gauntlet | Found a runed translucent door.
 37676 | Gauntlet | Found a transporter.
 37692 | Gauntlet | Found a transporter.
 37696 | Gauntlet | Found a transporter.
 37716 | Gauntlet | Found a transporter.
 38155 | Gauntlet | Identified the ring "Byqozytu" {Str+7 SInv}
 38425 | Gauntlet | Got Sif Muna's Reference Book on Aerial Orientation
 38584 | Lair:6   | Found a staircase to the Slime Pits.
 38670 | Lair:6   | Reached skill level 15 in Fighting
 39811 | Elf:1    | Entered Level 1 of the Elven Halls
 39842 | Elf:1    | Reached skill level 22 in Shields
 40044 | Elf:1    | Paralysed by an air elemental for 1 turns
 40046 | Elf:1    | Paralysed by an air elemental for 1 turns
 40051 | Elf:1    | Received a gift from Okawaru
 40062 | Elf:1    | Found Ymitaede's General Store.
 40131 | Elf:1    | Bought a scroll of acquirement for 676 gold pieces
 40131 | Elf:1    | Bought a scroll of holy word for 97 gold pieces
 40131 | Elf:1    | Bought a scroll of blinking for 97 gold pieces
 40131 | Elf:1    | Bought a scroll of enchant armour for 97 gold pieces
 40268 | Elf:1    | Gained mutation: You occasionally shout uncontrollably at
                  | your foes. [a shining eye]
 40343 | Elf:1    | Found a runed translucent gate.
 40343 | Elf:1    | Found a runed translucent gate.
 40344 | Elf:1    | Found a runed translucent gate.
 40428 | Elf:1    | Paralysed by an air elemental for 1 turns
 40433 | Elf:1    | Paralysed by an air elemental for 1 turns
 40440 | Elf:1    | Paralysed by an air elemental for 1 turns
 40618 | Elf:1    | Found Paehoah's Magic Scroll Shoppe.
 40627 | Elf:1    | Bought a scroll of enchant weapon for 112 gold pieces
 40627 | Elf:1    | Bought a scroll of blinking for 112 gold pieces
 40627 | Elf:1    | Bought a scroll of magic mapping for 52 gold pieces
 40724 | Elf:1    | Noticed an acid blob
 40728 | Elf:1    | Noticed Okum's ghost (journeyman DsAK)
 41037 | Elf:1    | Killed from afar by a deep elf zephyrmancer

Illustrated notes

Levels and vault maps discovered:
D:1:      dpeg_arrival_refuge, layout_basic, serial_shops, nicolae_diamond_shop,
          shapermc_ecumenical_altar_mp_vishouse, feat_on_display
D:2:      layout_loops_ring, basic_altar, kennysheep_decorative_pillar
D:3:      layout_basic
D:4:      layout_basic, general_overflow_altar, gammafunk_temple_of_torment,
          grunt_tough_drop
D:5:      layout_gridville, minmay_temple_entry_grid
D:6:      layout_gridville, grunt_decor_resistance
D:7:      layout_basic, mainiacjoe_overflow_brackets
D:8:      layout_basic, minitemple, lair_entry_dummy, enter_bailey_7,
          grunt_ogre_cave
D:9:      layout_loops_cross, gammafunk_ghost_nasty_kobolds, minivault_10,
          nicolae_specific_store, corner_web_ring
D:10:     layout_small_grid, kennysheep_little_box
D:11:     layout_loops_cross, st_stairs_8
D:12:     layout_long_grid, erik_orc_1
D:13:     layout_loops_ring
D:14:     layout_basic, david_vaults_4, chequers_serial_rivers_micro_e,
          special_room [special_room_orc], uniq_josephine
D:15:     hangedman_spin_cycle, serial_shops
Temple:   minmay_temple_bridge_abc
Lair:1:   layout_chaotic_city, portal_ice_cave_entry_pillars_2,
          chequers_serial_rivers_micro_c, uniq_urug
Lair:2:   layout_gridlike, grunt_megastairs_3
Lair:3:   layout_chaotic_city, enter_volcano_3, lemuel_fruit_fields,
          lemuel_fruit_tree
Lair:4:   layout_roguey, elwin_shoals_entry_rooms, dummy_spider_entry
Lair:5:   layout_loops_ring, chequers_serial_rivers_micro_c,
          infiniplex_staircase_pool
Lair:6:   hangedman_lair_tendril_chambers, layout_long_grid,
          minmay_slime_entry_pillars, gauntlet_entry_generic
Orc:1:    layout_caves, basic_altar
Orc:2:    grunt_orc_tribal_feast, layout_caves
Elf:1:    layout_loops_corners, serial_shops, shop, nicolae_shop_trees,
          gammafunk_ghost_ooze, hangedman_elf_represent

Skill      XL: |  1  2  3  4  5  6  7  8  9 10 11 12 13 14 15 16 |
---------------+-------------------------------------------------+-----
Fighting       | 4 5 6 7 8 9 10 11 12 14 15 | 15.6
Armour         | 4 5 6 8 10 11 12 13 14 15 | 15.7
Shields        | 4 5 7 13 15 16 18 20 21 22 | 22.8
Long Blades    | 3 4 6 7 8 9 10 12 14 16 17 18 | 18.3
Dodging        | 1 2 3 4 5 6 7 |  7.9
Stealth        | 1 2 3 |  3.0
Polearms       | 2 3 4 |  4.2
Invocations    | 1 2 |  2.3
Short Blades   | 2 |  2.3
Evocations     | 1 |  1.1

Action                   |  1- 3 |  4- 6 |  7- 9 | 10-12 | 13-15 | 16-18 || total
-------------------------+-------+-------+-------+-------+-------+-------++-------
Melee: Long sword        |    80 |   138 |   171 |       |       |       ||   389
       Headbutt          |     9 |    23 |    53 |   133 |   294 |   102 ||   614
       Falchion          |       |       |   110 |   263 |    11 |   464 ||   848
       Spear             |       |       |    97 |    17 |    72 |       ||   186
       Double sword      |       |       |       |   284 |  1110 |       ||  1394
       Dagger            |       |       |       |       |    49 |       ||    49
       Scimitar          |       |       |       |       |    28 |       ||    28
Invok: Heroism           |       |       |       |    11 |    19 |     3 ||    33
Evoke: Wand              |       |     4 |     8 |       |     1 |       ||    13
  Use: Scroll            |     2 |    10 |     6 |     6 |     7 |     2 ||    33
       Potion            |       |       |     3 |     6 |     3 |       ||    12
Armor: Scale mail        |    40 |    56 |    77 |       |       |       ||   173
       Plate armour      |       |       |   110 |    62 |       |       ||   172
       Chain mail        |       |       |    38 |     1 |   408 |   118 ||   565
       Storm dragon scal |       |       |       |   132 |       |       ||   132
Dodge: Dodged            |    55 |    47 |   225 |   152 |   369 |   128 ||   976
Block: Buckler           |    17 |    33 |    57 |       |       |       ||   107
       Kite shield       |       |       |   201 |   278 |       |       ||   479
       Tower shield      |       |       |       |   154 |  1607 |   560 ||  2321
